 Dungeon Crawl Stone Soup version 0.18.1-50-g88ac8fd (webtiles) character file.

1096 Peloso the Covered (level 8, -1/70 HPs)
             Began as a Minotaur Fighter on Oct 2, 2016.
             Slain by an orc warrior
             ... wielding a +0 short sword
              (6 damage)
             ... on level 6 of the Dungeon.
             The game lasted 00:09:21 (4824 turns).

Peloso the Covered (Minotaur Fighter)               Turns: 4824, Time: 00:09:25

Health: -1/70      AC: 11    Str: 22    XL:     8   Next: 10%
Magic:  7/7        EV: 10    Int:  5    God:
Gold:   211        SH:  7    Dex: 11    Spells: 0 memorised, 7 levels left

rFire  . . .     SeeInvis .     a - +1 long sword
rCold  . . .     Gourm    .     b - +0 scale mail
rNeg   . . .     Faith    .     E - +2 buckler
rPois  .         Spirit   .     (helmet restricted)
rElec  .         Dismiss  .     m - +0 cloak
rCorr  .         Reflect  .     (no gloves)
SustAt .         Harm     .     z - +2 pair of boots
MR     .....                    (no amulet)
Stlth  ..........               (no ring)
                                l - ring of loudness

@: very slightly contaminated, hasted, heavily drained, very quick, not
resistant to hostile enchantments, extremely unstealthy
A: retaliatory headbutt, horns 2
a: no special abilities


You were on level 6 of the Dungeon.
You were hungry.

You visited 1 branch of the dungeon, and saw 6 of its levels.

You collected 211 gold pieces.

Inventory:

Hand Weapons
 a - a +1 long sword (weapon)
Armour
 b - a +0 scale mail (worn)
 c - a +0 shield
 i - a +0 pair of boots
 m - a +0 cloak (worn)
 z - a +2 pair of boots (worn)
 E - a +2 buckler (worn)
Jewellery
 l - a ring of loudness (left hand)
Wands
 x - a wand of acid (0/15)
Scrolls
 e - 2 scrolls of magic mapping
 h - 5 scrolls of enchant weapon
 j - 6 scrolls of remove curse
 y - 2 scrolls of amnesia {unknown}
 C - 2 scrolls of blinking {unknown}
 D - a scroll of fear {unknown}
Potions
 g - 2 potions of invisibility
 r - a potion of brilliance
 s - 2 potions of haste
 t - 4 potions of curing {unknown}
 u - a potion of agility {unknown}
 v - a potion of ambrosia {unknown}
 w - 2 potions of flight {unknown}
 B - a potion of beneficial mutation {unknown}
Comestibles
 f - 5 bread rations
 n - a slice of pizza
 o - 2 meat rations
 A - 2 royal jellies


   Skills:
 + Level 5.9(4.1) Fighting
 + Level 5.2(3.4) Long Blades
 + Level 6.6(4.8) Armour
 + Level 4.1(2.4) Dodging
 + Level 0.6(0.0) Stealth
 + Level 6.4(4.6) Shields


You had 7 spell levels left.
You didn't know any spells.

Dungeon Overview and Level Annotations

Branches:
Dungeon (6/15)
 Temple: D:4-7

Altars:
Cheibriados

Shops:
D:4 =

Portals:
Ossuary: D:6


Innate Abilities, Weirdness & Mutations

You reflexively headbutt those who attack you in melee.
You have a pair of horns on your head.


Message History

The orc warrior hits you but does no damage.
You closely miss the orc warrior. Your headbutt misses the orc warrior.
The orc warrior is almost dead.
The gnoll barely misses you.
The orc warrior hits you with a short sword!
* * * LOW HITPOINT WARNING * * *
You closely miss the orc warrior.
The orc warrior is almost dead.
The orc warrior hits you with a short sword!
* * * LOW HITPOINT WARNING * * *
The gnoll hits you from afar with a spear.
* * * LOW HITPOINT WARNING * * *
You hit the orc warrior.
You headbutt the orc warrior, but do no damage.
The orc warrior is almost dead.
You hear the slow hiss of an avalanche of sand.
The gnoll hits you from afar with a spear.
* * * LOW HITPOINT WARNING * * *
The orc warrior hits you with a short sword.
You die...

#.##### # #.#...#
###. #.#...#####
.....##.:........
......g.....####
......#o#...##..
.h.o. #)#....#.#
....###g###..#.#
....'Soho@+..#.#
....###o###..#.### ..
#.#....#...###
#+#........).#
.......##..<#.#######
#..###.....##.......#
#.> ##........####.#
## #....###.##...#
#....# #.##.#..


You could see an orc warrior, a hound, an orc priest, a gnoll, an adder and an
orc.

Vanquished Creatures
  The ghost of Drunkenshrew the Skirmisher, an amateur HOFi (D:4)
  Edmund (D:5)
  A gnoll sergeant (D:5)
  A scorpion (D:4)
  A giant frog skeleton (D:4)
  4 orc wizards
  Crazy Yiuf (D:2)
  2 iguanas
  Ijyb (D:2)
  Natasha (thrice) (D:2)
  4 worker ants
  A hound zombie (D:5)
  A worker ant zombie (D:5)
  5 adders
  4 gnolls (D:5)
  2 shadow imps (D:5)
  An ooze (D:1)
  A worm (D:3)
  3 dart slugs
  4 giant geckos
  13 orcs
  2 ball pythons (D:2)
  3 giant cockroaches (D:1)
  6 goblins
  8 hobgoblins
  10 jackals
  3 kobolds
  2 quokkas
  4 bats
  4 giant newts
  10 rats
107 creatures vanquished.

Notes
Turn   | Place    | Note
--------------------------------------------------------------
     0 | D:1      | Peloso the Minotaur Fighter began the quest for the Orb.
     0 | D:1      | Reached XP level 1. HP: 19/19 MP: 0/0
   108 | D:1      | Reached XP level 2. HP: 20/27 MP: 1/1
   203 | D:1      | Reached XP level 3. HP: 30/33 MP: 2/2
   759 | D:2      | Noticed Ijyb
   767 | D:2      | Killed Ijyb
   767 | D:2      | Reached XP level 4. HP: 36/40 MP: 3/3
  1075 | D:2      | Noticed Crazy Yiuf
  1080 | D:2      | Killed Crazy Yiuf
  1223 | D:2      | Reached skill level 1 in Dodging
  1236 | D:2      | Noticed Natasha
  1242 | D:2      | Killed Natasha
  1439 | D:2      | Noticed Natasha
  1447 | D:2      | Killed Natasha
  1447 | D:2      | Reached XP level 5. HP: 45/47 MP: 4/4
  1463 | D:2      | Noticed Natasha
  1473 | D:2      | Killed Natasha
  1473 | D:2      | Reached skill level 5 in Armour
  1979 | D:3      | Reached skill level 5 in Shields
  2814 | D:4      | Reached XP level 6. HP: 46/53 MP: 5/5
  2946 | D:4      | Noticed Drunkenshrew's ghost (amateur HOFi)
  2961 | D:4      | Killed Drunkenshrew's ghost
  2961 | D:4      | Reached skill level 5 in Fighting
  2961 | D:4      | Reached XP level 7. HP: 19/61 MP: 6/6
  3541 | D:4      | Found Rusk's Jewellery Boutique.
  3713 | D:4      | Found a snail-covered altar of Cheibriados.
  3849 | D:5      | Entered Level 5 of the Dungeon
  4227 | D:5      | Reached skill level 5 in Long Blades
  4470 | D:5      | Noticed Edmund
  4490 | D:5      | Killed Edmund
  4490 | D:5      | Reached XP level 8. HP: 66/70 MP: 7/7
  4802 | D:6      | Found a sand-covered staircase.
  4824 | D:6      | Slain by an orc warrior

Skill      XL: |  1  2  3  4  5  6  7  8 |
---------------+-------------------------+-----
Shields        | 4 5 6 |  6.4
Armour         | 4 5 6 |  6.6
Fighting       | 4 5 |  5.9
Dodging        | 1 2 3 4 |  4.1
Long Blades    | 3 4 5 |  5.2
Stealth        | |  0.6

Action                   |  1- 3 |  4- 6 |  7- 9 || total
-------------------------+-------+-------+-------++-------
Melee: Long sword        |    52 |   122 |   120 ||   294
       Headbutt          |    14 |    21 |    28 ||    63
Evoke: Wand              |       |       |     2 ||     2
  Use: Potion            |       |     1 |     2 ||     3
       Scroll            |       |       |     9 ||     9
  Eat: Chunk             |       |     7 |     5 ||    12
Armor: Scale mail        |    22 |    57 |    60 ||   139
Dodge: Dodged            |    24 |    44 |    46 ||   114
Block: Shield            |    23 |    70 |    37 ||   130
       Buckler           |       |       |    18 ||    18
